 Dungeon Sprint DCSS version 0.29-a0-925-g0a7a3d12f8 (webtiles) character file.

Game seed: 989550245272292389

1580 rocky1 the Spear-Bearer (level 8, 0/69 (70) HPs)
             Began as a Merfolk Gladiator on July 28, 2022.
             Was a Priest of Okawaru.
             Slain by a wight
             ... wielding a +5 morningstar
              (2 damage)
             ... in the Dungeon (Sprint VII: "The Pits").
             The game lasted 00:04:13 (1042 turns).

rocky1 the Spear-Bearer (Merfolk Gladiator)         Turns: 1042, Time: 00:04:13

HP:   0/69 (70)     AC: 11    Str: 16    XL:     8   Next: 91%
MP:   13/14         EV: 19    Int:  7    God:    Okawaru [***...]
Gold: 0             SH:  0    Dex: 16    Spells: 7/7 levels left

rFire   . . .      SeeInvis .   a - +2 trident (vorpal)
rCold   . . .      Faith    .   (no shield)
rNeg    . . .      Spirit   .   o - +3 ring mail
rPois   .          Reflect  .   c - +0 helmet
rElec   .          Harm     .   (no cloak)
rCorr   .          Rampage  .   (no gloves)
Will    .....      NoTele   +   (no boots)
Stlth   +++++.....              (no amulet)
HPRegen 0.21/turn               (no ring)
MPRegen 0.14/turn               (no ring)

@: heroic, lightly drained
A: (nimble swimmer 2), mertail
a: Renounce Religion, Heroism


You were in the Dungeon.
You worshipped Okawaru.
Okawaru was most pleased with you.
You visited 1 branch

Inventory:

Hand Weapons
 a - a +2 vorpal trident (weapon)
 b - a +1 long sword of holy wrath
 l - a +1 scythe of protection
 p - a +2 vorpal battleaxe
Missiles
 d - 3 throwing nets (quivered)
 e - a javelin
Armour
 c - a +0 helmet (worn)
 o - a +3 ring mail (worn)
Scrolls
 k - a scroll of blinking
 n - 5 scrolls of amnesia
Potions
 f - 5 potions of curing
 g - 5 potions of heal wounds
 h - a potion of haste
 i - 4 potions of magic
 j - 3 potions of berserk rage
 m - 2 potions of invisibility


   Skills:
 + Level 8.9(13.9) Fighting
 + Level 5.1(10.1) Long Blades
 + Level 11.0(16.0) Polearms
 - Level 2.0(7.0) Throwing
 + Level 5.8(10.8) Armour
 + Level 10.7(15.7) Dodging
 + Level 9.1(14.1) Stealth
 + Level 8.3 Invocations


You had 7 spell levels left.
You didn't know any spells.
Your spell library was empty.

Dungeon Overview and Level Annotations

Branches:
Dungeon (1/1)

Altars:
Ashenzari
Cheibriados
Dithmenos
Elyvilon
Fedhas
Gozag
Hepliaklqana
Kikubaaqudgha
Makhleb
Nemelex Xobeh
Okawaru
Qazlal
Ru
Sif Muna
Trog
Uskayaw
Vehumet
Wu Jian
Xom
Yredelemnul
Zin
The Shining One
Jiyva
Lugonu


Innate Abilities, Weirdness & Mutations

((You are very nimble when in or above water. (Stealth+, EV+, Speed+++)))
Your lower body shifts to a powerful aquatic tail in water.


Message History

The cane toad is moderately wounded.
The cane toad completely misses you.
You puncture the cane toad!
The cane toad is severely wounded.
You hit the cane toad but do no damage.
The cane toad is severely wounded.
The cane toad closely misses you.
You puncture the cane toad!
You kill the cane toad!
Okawaru is honoured by your kill.
Your base Long Blades skill increases to level 5!
Your base Polearms skill increases to level 11!
Your base Stealth skill increases to level 9!
Your Invocations skill increases to level 8!
Unknown command.
A wight comes into view. It is wielding a +0 battleaxe.
The wight moves out of view.
Items here: )) [[ †.
There is an open door here.
Things that are here:
a +2 trident; a +0 robe
Items here: )) [[ †.
p - a +2 vorpal battleaxe You close the door, pushing everything out of the way.
Items here: )) [[ †.
You start resting.
A wight opens the door.
It is wielding a +5 morningstar.
The wight misses you.
There is an open door here.
You hit the wight but do no damage. The wight misses you.
You hit the wight but do no damage. You hit the wight but do no damage.
The wight misses you.
You barely miss the wight. You hit the wight but do no damage.
You hit the wight but do no damage. The wight hits you with a +0 battleaxe!
* * * LOW HITPOINT WARNING * * *
The wight hits you with a +5 morningstar!
* * * LOW HITPOINT WARNING * * *
You feel drained.
You die...

#.#..'.).).##.......#
#)#..########...<...#
#.#..'[))).##.......#
#[#..#[))..##.......#
#'###########.......#
#..#.#.##..##########
#.......#.##
##.#.#.##)#
#.......#@#
##.#.#.##zz....+
#.......#'#....#
##.#.#..'.#....#
########## ####


You could see 2 wights.

Vanquished Creatures
  A cane toad (D)
  Sigmund (D)
  An air elemental (D)
  A fire bat (D)
  2 water moccasins (D)
  A floating eye (D)
  A swamp drake (D)
  An ice beast (D)
  A black bear (D)
  A phantom (D)
  3 wights (D)
  2 ufetubi (D)
  2 orcs (D)
  2 bat skeletons (D)
  An endoplasm (D)
  A hobgoblin (D)
  A quokka (D)
  A ball python skeleton (D)
  A frilled lizard (D)
  A kobold (D)
26 creatures vanquished.

Notes
Turn   | Place    | Note
-------+----------+-------------------------------------------
     0 | D        | rocky1 the Merfolk Gladiator began the quest for the Orb.
     0 | D        | Reached XP level 1. HP: 16/16 MP: 1/1
    21 | D        | Reached skill level 1 in Stealth
   129 | D        | Found a bloodstained altar of Trog.
   129 | D        | Found a shimmering blue altar of Sif Muna.
   129 | D        | Found a viscous altar of Jiyva.
   129 | D        | Found a hazy altar of Hepliaklqana.
   129 | D        | Found an opulent altar of Gozag.
   130 | D        | Found a glowing golden altar of the Shining One.
   130 | D        | Found a glowing silver altar of Zin.
   130 | D        | Found a basalt altar of Yredelemnul.
   130 | D        | Found a shimmering altar of Xom.
   130 | D        | Found an ornate altar of the Wu Jian Council.
   130 | D        | Found a sacrificial altar of Ru.
   130 | D        | Found a stormy altar of Qazlal.
   130 | D        | Found an iron altar of Okawaru.
   130 | D        | Found a sparkling altar of Nemelex Xobeh.
   130 | D        | Found a burning altar of Makhleb.
   130 | D        | Found a blossoming altar of Fedhas.
   130 | D        | Found a white marble altar of Elyvilon.
   130 | D        | Found a shadowy altar of Dithmenos.
   130 | D        | Found a snail-covered altar of Cheibriados.
   133 | D        | Found a corrupted altar of Lugonu.
   133 | D        | Found a radiant altar of Vehumet.
   134 | D        | Found an ancient bone altar of Kikubaaqudgha.
   134 | D        | Found a hide-covered altar of Uskayaw.
   134 | D        | Found a broken altar of Ashenzari.
   138 | D        | Became a worshipper of Warmaster Okawaru
   176 | D        | Noticed a floating eye
   178 | D        | Killed a floating eye
   178 | D        | Reached * piety under Okawaru
   179 | D        | Reached skill level 6 in Polearms
   179 | D        | Reached XP level 2. HP: 26/26 MP: 1/4
   179 | D        | Reached XP level 3. HP: 31/31 MP: 1/5
   179 | D        | Reached XP level 4. HP: 38/38 MP: 1/6
   373 | D        | Noticed a phantom
   415 | D        | Killed a phantom
   416 | D        | Reached skill level 5 in Fighting
   416 | D        | Reached skill level 7 in Polearms
   416 | D        | Reached skill level 5 in Stealth
   416 | D        | Reached XP level 5. HP: 21/44 MP: 6/8
   580 | D        | Noticed a fire bat
   585 | D        | Noticed Sigmund
   601 | D        | Killed a fire bat
   602 | D        | Reached skill level 8 in Polearms
   602 | D        | Reached skill level 5 in Invocations
   602 | D        | Reached XP level 6. HP: 27/53 MP: 6/10
   609 | D        | Killed Sigmund
   609 | D        | Reached ** piety under Okawaru
   610 | D        | Reached skill level 9 in Polearms
   610 | D        | Reached XP level 7. HP: 32/60 MP: 7/11
   764 | D        | Noticed an air elemental
   776 | D        | Paralysed by an air elemental for 1 turns
   778 | D        | Killed an air elemental
   779 | D        | Reached skill level 5 in Armour
   787 | D        | Reached skill level 10 in Polearms
   787 | D        | Reached XP level 8. HP: 31/68 MP: 11/13
   804 | D        | Reached *** piety under Okawaru
   805 | D        | Reached skill level 10 in Dodging
   978 | D        | Noticed a cane toad
  1029 | D        | Killed a cane toad
  1030 | D        | Reached skill level 5 in Long Blades
  1030 | D        | Reached skill level 11 in Polearms
  1042 | D        | HP: 2/70 [wight/+5 morningstar (8)]
  1042 | D        | Slain by a wight

Illustrated notes

Levels and vault maps discovered:
D:        pitsprint [storerooms_1, entrance_room_1, metal_vault_4, armoury_2,
          mini_pit_1, grid_room_1, main_hall_1, silver_pit, the_coven_1,
          the_vestibule_1, steel_vault_1, golden_pit, hallway_of_sentries,
          crystal_vault_5, iron_vault_2, final_vault]

Skill      XL: |  1  2  3  4  5  6  7  8 |
---------------+-------------------------+-----
Stealth        | 4 5 6 7 8 9 |  9.1
Fighting       | 4 5 6 7 8 |  8.9
Polearms       | 6 7 8 9 10 11 | 11.0
Armour         | 2 3 4 5 |  5.8
Dodging        | 6 7 8 9 10 | 10.7
Invocations    | 3 4 5 6 7 8 |  8.3
Long Blades    | 2 5 |  5.1
Throwing       | |  2.0

Action                   |  1- 3 |  4- 6 |  7- 9 || total
-------------------------+-------+-------+-------++-------
Melee: Trident           |     9 |    41 |    76 ||   126
       Punch             |     1 |       |     2 ||     3
Invok: Heroism           |       |     1 |     2 ||     3
  Use: Potion            |       |       |     2 ||     2
 Stab: Sleeping          |     1 |     2 |     2 ||     5
Armor: Leather armour    |     6 |       |       ||     6
       Ring mail         |       |     4 |    13 ||    17
Dodge: Dodged            |     9 |    28 |    64 ||   101

Table legend: (Time is in decaauts)
 A = Elapsed time spent in this place.
 B = Non-inter-level travel time spent in this place.
 C = Inter-level travel time spent in this place.
 D = Time resting spent in this place.
 E = Time spent auto-exploring this place.
 F = Levels seen in this place.
 G = Mean time per level.
                   A        B        C        D        E       F      G
               +--------+--------+--------+--------+--------+-----+--------+
         Total |   1011 |    984 |     27 |    657 |      0 |   1 | 1011.0 |
       Dungeon |   1011 |    984 |     27 |    657 |      0 |   1 | 1011.0 |
               +--------+--------+--------+--------+--------+-----+--------+

Top non-repeatable levels by time:
       D: 1011 daAuts
